 Dungeon Crawl Stone Soup version 0.23.2-1-ga50397a (webtiles) character file.

Game seed: 15122335416687310167

642 troglodite the Slasher (level 7, 0/55 HPs)
             Began as a Demonspawn Berserker on May 3, 2019.
             Was a Priest of Trog.
             Slain by Prince Ribbit (5 damage)
             ... on level 5 of the Dungeon on May 6, 2019.
             The game lasted 00:14:11 (4324 turns).

troglodite the Slasher (Demonspawn Berserker)       Turns: 4324, Time: 00:14:11

Health: 0/55       AC: 18    Str: 22    XL:     7   Next: 26%
Magic:  0/7        EV:  5    Int:  9    God:    Trog [***...]
Gold:   35         SH: 15    Dex: 14    Spells: 6/6 levels left

rFire    + . .     SeeInvis .   a - +0 falchion
rCold    . . .     Gourm    .   z - +2 large shield {AC+3}
rNeg     . . .     Faith    .   y - +1 chain mail {rPois}
rPois    +         Spirit   +   d - +2 helmet
rElec    .         Reflect  .   r - +0 cloak
rCorr    .         Harm     .   (no gloves)
MR       +....                  g - +0 pair of boots
Stlth    ..........             (no amulet)
HPRegen  0.18/turn              t - ring of protection from magic
MPRegen  0.10/turn              b - ring of stealth

@: mighty, berserk cooldown, very slightly contaminated, slowed, invisible, very
slow
A: hooves 2, fire resistance 1, magic shield
a: Berserk, Trog's Hand, Renounce Religion


You were on level 5 of the Dungeon.
You worshipped Trog.
Trog was most pleased with you.
You were hungry.

You visited 1 branch of the dungeon, and saw 5 of its levels.

You collected 332 gold pieces.
You spent 297 gold pieces at shops.

Inventory:

Hand Weapons
 a - a +0 falchion (weapon)
Missiles
 e - 7 sling bullets
 f - 131 stones (quivered)
Armour
 d - a +2 helmet (worn)
 g - a +0 pair of boots (worn)
 r - a +0 cloak (worn)
 x - the +2 ring mail of Qeofea {rPois rCorr Str-5 Int+3}
   (You bought it in a shop on level 4 of the Dungeon)

   It affects your strength (-5).
   It affects your intelligence (+3).
   It protects you from poison.
   It provides partial protection from all sources of acid and corrosion.
 y - a +1 chain mail of poison resistance (worn)
 z - a +2 large shield of protection (worn)
Jewellery
 b - a ring of stealth (right hand)
 t - a ring of protection from magic (left hand)
Wands
 B - a wand of flame (11)
Scrolls
 h - 4 scrolls of identify
 i - a scroll of amnesia {unknown}
 j - a scroll of blinking {unknown}
 k - 3 scrolls of remove curse
 m - 2 scrolls of enchant weapon {unknown}
 p - 4 scrolls of magic mapping {unknown}
 q - 3 scrolls of teleportation {unknown}
 u - a scroll of fog {unknown}
 w - a scroll of random uselessness {unknown}
Potions
 n - 2 potions of lignification
 v - a potion of heal wounds {unknown}
Comestibles
 c - 4 rations


   Skills:
 * Level 4.8 Fighting
 + Level 4.8 Long Blades
 * Level 3.1 Armour
 * Level 3.8 Dodging
 - Level 1.0 Stealth
 * Level 1.4 Shields


You had 6 spell levels left.
You didn't know any spells.
Your spell library was empty.

Dungeon Overview and Level Annotations

Branches:
Dungeon (5/15)
 Temple: D:4-7

Altars:
Cheibriados
Dithmenos
Kikubaaqudgha
Qazlal
Uskayaw

Shops:
D:4 [

Annotations:
D:5 Menkaure, Prince Ribbit


Innate Abilities, Weirdness & Mutations

You have hoof-like feet.
Your flesh is heat resistant. (rF+)
When hurt, damage is shared between your health and your magic reserves.


Message History

n - 2 potions of lignification The centaur shoots an arrow.
The arrow hits you but does no damage. You block Prince Ribbit's attack.
You block Menkaure's attack.
The centaur shoots an arrow.
You block the arrow.
Prince Ribbit hits you but does no damage.
It was a potion of invisibility.
You fade into invisibility!
The centaur shoots an arrow.
You block the arrow.
Prince Ribbit winks and puckers his lips.
Prince Ribbit hits you but does no damage.
You block Menkaure's attack.
The centaur shoots an arrow.
The arrow closely misses you. Prince Ribbit hits you.
* * * LOW HITPOINT WARNING * * *
You are very lightly contaminated with residual magic.
It was a potion of might.
You feel very mighty all of a sudden.
The centaur shoots an arrow.
The arrow hits you.
* * * LOW HITPOINT WARNING * * *
Prince Ribbit hits you.
You die...

c..>....# ) ........# .#
.......%####.##
............#.....
.....)............
?.................
#.........MF......
.#.........@..# ###
#.#.....#....:.#
#.##..............##
......##...........##
......###..##.............
......##..................
..........................
....................#.....
......#.............###...


You could see Prince Ribbit, Menkaure and a centaur.

Vanquished Creatures
  An ogre (D:4)
  2 howler monkeys (D:5)
  2 crimson imps (D:5)
  A hound (D:5)
  An orc priest (D:4)
  3 orc wizards
  Crazy Yiuf (D:2)
  A centaur skeleton (D:4)
  Jessica (D:3)
  An iguana (D:4)
  A worker ant (D:2)
  4 adders
  An ooze (D:2)
  2 worms
  2 dart slugs (D:3)
  12 orcs
  3 giant cockroaches
  7 goblins
  7 hobgoblins
  5 quokkas
  8 bats
  3 frilled lizards
  6 kobolds
  6 rats
81 creatures vanquished.

Notes
Turn   | Place    | Note
-------+----------+-------------------------------------------
     0 | D:1      | troglodite the Demonspawn Berserker began the quest for the
                  | Orb.
     0 | D:1      | Reached XP level 1. HP: 18/18 MP: 1/1
   325 | D:1      | Gained mutation: You have large cloven feet. [demonic
                  | ancestry]
   325 | D:1      | Reached XP level 2. HP: 17/24 MP: 2/2
  1118 | D:2      | Gained mutation: Your flesh is heat resistant. (rF+)
                  | [demonic ancestry]
  1118 | D:2      | Reached XP level 3. HP: 22/29 MP: 3/3
  1305 | D:2      | Found a stormy altar of Qazlal.
  1311 | D:2      | Reached ** piety under Trog
  1444 | D:2      | Gained mutation: You have hoof-like feet. [demonic
                  | ancestry]
  1444 | D:2      | Reached XP level 4. HP: 6/37 MP: 4/4
  1870 | D:2      | Found a runed translucent door.
  1871 | D:2      | Noticed Crazy Yiuf
  1943 | D:2      | Killed Crazy Yiuf
  2367 | D:3      | Found a hide-covered altar of Uskayaw.
  2467 | D:3      | Noticed Jessica
  2476 | D:3      | Killed Jessica
  2476 | D:3      | Gained mutation: When hurt, damage is shared between your
                  | health and your magic reserves. [demonic ancestry]
  2476 | D:3      | Reached XP level 5. HP: 39/42 MP: 5/5
  2971 | D:3      | Found an ancient bone altar of Kikubaaqudgha.
  3001 | D:3      | Found a snail-covered altar of Cheibriados.
  3270 | D:4      | Noticed an ogre
  3283 | D:4      | Killed an ogre
  3283 | D:4      | Reached XP level 6. HP: 49/49 MP: 4/6
  3383 | D:4      | Found a shadowy altar of Dithmenos.
  3447 | D:4      | Reached *** piety under Trog
  3660 | D:4      | Reached skill level 1 in Stealth
  3786 | D:4      | Found Huluboj's Antique Armour Emporium.
  3792 | D:4      | Bought a warped ring mail for 162 gold pieces
  3792 | D:4      | Bought a glowing large shield for 135 gold pieces
  3802 | D:4      | Identified the +2 ring mail of Qeofea {rPois rCorr Str-5
                  | Int+3} (You bought it in a shop on level 4 of the Dungeon)
  4080 | D:5      | Entered Level 5 of the Dungeon
  4154 | D:5      | Reached XP level 7. HP: 55/55 MP: 7/7
  4289 | D:5      | Reached skill level 1 in Shields
  4303 | D:5      | Noticed Menkaure
  4306 | D:5      | Noticed Prince Ribbit
  4324 | D:5      | Slain by Prince Ribbit

Skill      XL: |  1  2  3  4  5  6  7 |
---------------+----------------------+-----
Dodging        | 2 3 |  3.8
Long Blades    | 3 4 |  4.8
Armour         | 2 3 |  3.1
Fighting       | 4 |  4.8
Stealth        | 1 |  1.0
Shields        | 1 |  1.4

Action                   |  1- 3 |  4- 6 |  7- 9 || total
-------------------------+-------+-------+-------++-------
Melee: Falchion          |    87 |   222 |    82 ||   391
       Kick              |     1 |       |       ||     1
Invok: Berserk           |     2 |     3 |     1 ||     6
       Trog's Hand       |     1 |       |       ||     1
  Use: Potion            |       |     1 |     3 ||     4
       Scroll            |       |       |     2 ||     2
 Stab: Sleeping          |       |     1 |       ||     1
  Eat: Chunk             |     2 |    13 |     2 ||    17
Armor: Animal skin       |    28 |    23 |       ||    51
       Chain mail        |       |    80 |    36 ||   116
Dodge: Dodged            |    84 |   113 |     9 ||   206
Block: Large shield      |       |    52 |    67 ||   119
       Rpst.: Falchion   |    22 |    39 |     2 ||    63
